 Dungeon Crawl Stone Soup version 0.29.1-2-gbd0b4ee654 (webtiles) character file.

Game seed: 13680513983365769585

2286 GorkyZ the Trooper (level 9, -4/68 HPs)
             Began as a Demonspawn Brigand on Nov 19, 2022.
             Was an Initiate of Gozag.
             Killed from afar by Maurice (16 damage)
             ... with a bolt of acid
             ... on level 8 of the Dungeon.
             The game lasted 00:31:46 (6989 turns).

GorkyZ the Trooper (Demonspawn Brigand)             Turns: 6989, Time: 00:31:47

Health: -4/68      AC: 15    Str: 16    XL:     9   Next: 17%
Magic:  9/9        EV:  8    Int: 12    God:    Gozag
Gold:   0          SH:  0    Dex: 15    Spells: 8/8 levels left

rFire   . . .      SeeInvis .   h - +1 hand axe
rCold   . . .      Faith    .   (no shield)
rNeg    . . .      Spirit   .   r - +0 chain mail
rPois   .          Reflect  .   m - +2 hat
rElec   .          Harm     .   c - +1 cloak
rCorr   .          Rampage  .   (no gloves)
Will    .....      Clarity  +   (no boots)
Stlth   ..........              j - amulet of regeneration
HPRegen 1.01/turn               B - +4 ring of slaying
MPRegen 0.11/turn               g - +4 ring of protection

@: corroded
A: thin metallic scales 1, demonic guardian 2, clarity
a: Renounce Religion, Potion Petition, Call Merchant, Bribe Branch


You were on level 8 of the Dungeon.
You worshipped Gozag.
Gozag was noncommittal.
You visited 2 branches of the dungeon, and saw 9 of its levels.

You collected 373 gold pieces.
You paid 373 gold pieces to Gozag.

Inventory:

Hand Weapons
 h - a +1 hand axe (weapon)
Missiles
 d - 5 poisoned darts (quivered)
 e - 3 curare-tipped darts
 I - 5 boomerangs
Armour
 b - a +0 robe
 c - a +1 cloak (worn)
 m - a +2 hat (worn)
 q - a +0 ring mail
 r - a +0 chain mail (worn)
Jewellery
 f - a +4 ring of protection
 g - a +4 ring of protection (right hand)
 j - an amulet of regeneration (around neck)
 k - a ring of poison resistance
 l - a ring of willpower
 s - an amulet of the acrobat
 B - a +4 ring of slaying (left hand)
 E - a ring of positive energy
 F - a +4 ring of evasion
Wands
 G - a wand of paralysis (2)
 H - a wand of flame (16)
Scrolls
 n - a scroll of magic mapping
 p - a scroll of identify
 C - a scroll of enchant weapon
Potions
 t - a potion of magic
 u - 2 potions of attraction {unknown}
 x - 2 potions of degeneration
 z - a potion of might
 D - a potion of flight


   Skills:
 + Level 5.2 Fighting
 - Level 1.7 Short Blades
 + Level 4.0 Axes
 + Level 4.6 Throwing
 + Level 4.3 Armour
 + Level 4.3 Dodging
 - Level 3.6 Stealth
 + Level 4.1 Shields
 + Level 2.7 Evocations


You had 8 spell levels left.
You didn't know any spells.
Your spell library contained the following spells:

 Spells                   Type           Power      Damage    Failure   Level
 Apportation              Tloc           0%         N/A       99%         1
 Sandblast                Erth           0%         2d4       99%         1
 Passwall                 Tmut/Erth      0%         N/A       100%        2
 Stone Arrow              Conj/Erth      0%         3d7       100%        3
 Alistair's Intoxication  Tmut/Pois      0%         N/A       100%        5
 Malign Gateway           Summ/Tloc      0%         N/A       100%        7
 Summon Horrible Things   Summ           0%         N/A       100%        8


Dungeon Overview and Level Annotations

Branches:
Dungeon (8/15)             Temple (1/1) D:5
   Lair: D:8-11

Altars:
Cheibriados
Gozag
Hepliaklqana
Kikubaaqudgha
Makhleb
Nemelex Xobeh
Okawaru
Qazlal
Ru
Sif Muna
Uskayaw
Vehumet
Xom

Annotations:
D:8 Maurice


Innate Abilities, Weirdness & Mutations

You are partially covered in thin metallic scales. (AC +2)
A demonic guardian rushes to your aid.
You possess an exceptional clarity of mind.


Message History

A poisoned dart appears from out of thin air!
The poisoned dart hits you!
You are more poisoned.
You feel sick.
You hear some strange, mumbled words.
You feel sick.
You feel sick.
A poisoned dart appears from out of thin air!
The poisoned dart hits you!
You are more poisoned.
You feel very sick.
You feel very sick.
Found 10 gold pieces.
You feel sick.
You feel sick.
You feel sick.
You feel sick.
You hear a zap.
A bolt of acid appears from out of thin air!
The bolt of acid hits you! The acid corrodes you!
You feel sick.
You see here 10 gold pieces.
You feel sick. Something hits you but does no damage.
You feel sick. Something hits you but does no damage.
You hit something but do no damage.
You feel sick.
You are no longer poisoned.
Something hits you.
* * * LOW HITPOINT WARNING * * *
Something steals 321 gold pieces!
You now have 0 gold pieces.
* * * LOW HITPOINT WARNING * * *
Something hits you but does no damage.
You hear a zap.
A bolt of acid appears from out of thin air!
The bolt of acid hits you.
* * * LOW HITPOINT WARNING * * *
A demonic guardian appears!
You hear a zap.
A bolt of acid appears from out of thin air!
The bolt of acid hits you!
You die...
Your body crumbles into a pile of gold.

...# #...))....####
#..###.#.##........
#..##....###...####
#.###..#.###.#
##.## #........#
#.# #.#
#####.{#.###.# #.#
#..##...## #.#
#4.###.## #.# #.@#
#.# #.# #..# ..#
#.# #....### #.#
##.#. #.# #.#.# #.#
#.# # #.# #.. #.#
### ##.##
######...####


You could see a friendly rust devil (summoned).

Vanquished Creatures
  A steam dragon (D:7)
  An ice beast (D:7)
  3 black bears
  2 phantoms
  2 necrophages (D:6)
  A gnoll sergeant (D:8)
  2 scorpions (D:6)
  A wight (D:7)
  3 killer bees (D:7)
  A howler monkey (D:7)
  4 hounds
  3 jellies
  3 iguanas
  4 orc wizards
  2 gnolls (D:8)
  6 adders
  5 ufetubi
  3 worms
  A dart slug (D:5)
  13 orcs
  4 ball pythons
  6 bats
  6 endoplasms
  2 giant cockroaches (D:3)
  3 goblins
  7 hobgoblins
  6 quokkas
  2 frilled lizards
  6 kobolds
  8 rats
111 creatures vanquished.

Vanquished Creatures (collateral kills)
  A water moccasin (D:8)
  An ogre (D:4)
  A scorpion (D:6)
  3 wights (D:7)
  A hound (D:4)
  A jelly (D:6)
  Jessica (D:3)
  An iguana (D:6)
  An adder (D:4)
  A gnoll (D:8)
  A worm (D:2)
  3 orcs (D:2)
  2 ball pythons
18 creatures vanquished.

Grand Total: 129 creatures vanquished

Notes
Turn   | Place    | Note
-------+----------+-------------------------------------------
     0 | D:1      | GorkyZ the Demonspawn Brigand began the quest for the Orb.
     0 | D:1      | Reached XP level 1. HP: 16/16 MP: 1/1
   252 | D:1      | Reached skill level 1 in Dodging
   505 | D:1      | Gained mutation: A weak demonic guardian rushes to your
                  | aid. [demonic ancestry]
   505 | D:1      | Reached XP level 2. HP: 22/22 MP: 2/2
  1271 | D:2      | Reached XP level 3. HP: 28/28 MP: 3/3
  1286 | D:2      | Reached skill level 1 in Shields
  1461 | D:2      | Reached skill level 1 in Armour
  1690 | D:2      | Found a faded altar of an unknown god.
  1823 | D:3      | Reached skill level 1 in Axes
  1823 | D:3      | Gained mutation: You are partially covered in thin metallic
                  | scales. (AC +2) [demonic ancestry]
  1823 | D:3      | Reached XP level 4. HP: 33/34 MP: 4/4
  2117 | D:3      | Noticed Jessica
  2130 | D:3      | Killed Jessica
  2131 | D:3      | Reached XP level 5. HP: 11/40 MP: 5/5
  2358 | D:3      | Got Jessica's Precepts of Shifting
  2956 | D:4      | Noticed an ogre
  2973 | D:4      | Killed an ogre
  2974 | D:4      | Reached skill level 3 in Fighting
  3318 | D:4      | Noticed a phantom
  3355 | D:4      | Killed a phantom
  3356 | D:4      | Reached XP level 6. HP: 35/47 MP: 6/6
  4090 | D:5      | Entered Level 5 of the Dungeon
  4128 | D:5      | Gained mutation: A demonic guardian rushes to your aid.
                  | [demonic ancestry]
  4128 | D:5      | Reached XP level 7. HP: 52/52 MP: 7/7
  4394 | D:5      | Found a staircase to the Ecumenical Temple.
  4501 | Temple   | Entered the Ecumenical Temple
  4517 | Temple   | Became a worshipper of Gozag Ym Sagoz the Greedy
  4779 | D:5      | Found a snail-covered altar of Cheibriados.
  5549 | D:6      | Reached skill level 4 in Fighting
  5594 | D:6      | Found a sacrificial altar of Ru.
  5674 | D:6      | Reached XP level 8. HP: 60/60 MP: 8/8
  5839 | D:6      | Reached skill level 1 in Evocations
  6047 | D:7      | Found a sparkling altar of Nemelex Xobeh.
  6150 | D:7      | Found a shimmering altar of Xom.
  6252 | D:7      | Reached skill level 5 in Fighting
  6278 | D:7      | Noticed a +0 short sword
  6278 | D:7      | Noticed a +0 short sword
  6278 | D:7      | Noticed a +0 falchion
  6278 | D:7      | Noticed a +0 spear
  6279 | D:7      | Noticed a +0 falchion
  6279 | D:7      | Noticed a +0 dagger
  6279 | D:7      | Noticed a +0 spear
  6286 | D:7      | Noticed a +0 dagger
  6327 | D:7      | Found a hide-covered altar of Uskayaw.
  6597 | D:7      | Reached XP level 9. HP: 55/68 MP: 9/9
  6733 | D:7      | Found a hazy altar of Hepliaklqana.
  6799 | D:8      | Gained mutation: You possess an exceptional clarity of
                  | mind. [potion of mutation]
  6881 | D:8      | Noticed Maurice
  6940 | D:8      | Paralysed by something for 3 turns
  6989 | D:8      | Killed from afar by Maurice

Illustrated notes

Levels and vault maps discovered:
D:1:      scummos_arrival_simple_fountains, layout_loops_ring,
          chequers_arboretum
D:2:      layout_basic, chequers_ecumenical_altar_simple
D:3:      layout_loops_ring, minmay_stone_trees_medium, kennysheep_jessica_study
D:4:      cheibrodos_quashed, layout_rooms, minmay_hedge_maze,
          amcnicky_mini_rare_corridor_liquid
D:5:      layout_loops_ring, lemuel_tele_altar, minmay_temple_entry_stoned_glass
D:6:      layout_rooms, amcnicky_altar_gilded, nicolae_tso_carved_into_rock
D:7:      layout_rooms, marbit_many_paths, nicolae_uskayaw_en_pointe,
          mainiacjoe_overflow_large_starburst, lemuel_flamethrower_2
D:8:      minmay_the_grid_triangle_9x9_rhombus_thin
          [minmay_the_grid_triangle_9x9_flanged_cone,
          minmay_the_grid_triangle_9x9_prize_insulated,
          minmay_the_grid_triangle_9x9_longest,
          minmay_the_grid_triangle_9x9_negative_grid], layout_loops_ring,
          serial_shops, nicolae_shop_trees, uniq_maurice
Temple:   nicolae_temple_bog_church

Skill      XL: |  1  2  3  4  5  6  7  8  9 |
---------------+----------------------------+-----
Dodging        | 1 2 3 4 |  4.3
Throwing       | 2 3 4 |  4.6
Shields        | 1 2 3 4 |  4.1
Armour         | 1 2 3 4 |  4.3
Axes           | 1 2 3 4 |  4.0
Fighting       | 3 4 5 |  5.2
Evocations     | 2 |  2.7
Short Blades   | |  1.7
Stealth        | |  3.6

Action                   |  1- 3 |  4- 6 |  7- 9 || total
-------------------------+-------+-------+-------++-------
Melee: Dagger            |    12 |       |       ||    12
       Hand axe          |   104 |   181 |   312 ||   597
       Punch             |       |     4 |     2 ||     6
Throw: Dart              |     5 |    22 |    15 ||    42
Invok: Potion Petition   |       |       |     1 ||     1
  Use: Scroll            |     2 |    10 |     4 ||    16
       Potion            |     2 |       |     6 ||     8
 Stab: Sleeping          |     2 |       |       ||     2
       Distracted        |       |       |     1 ||     1
Armor: Robe              |    37 |       |       ||    37
       Ring mail         |     4 |       |       ||     4
       Chain mail        |     2 |   176 |   344 ||   522
Dodge: Dodged            |    94 |    87 |   165 ||   346
